 Dungeon Crawl Stone Soup version 0.23.2-1-ga50397a6bc (webtiles) character file.

Game seed: 7174940027518995521

98 MisterOstroum the Skirmisher (level 4, -4/35 HPs)
             Began as a Demonspawn Wanderer on May 27, 2019.
             Slain by a gnoll
             ... wielding a +0 spear
              (5 damage)
             ... on level 2 of the Dungeon.
             The game lasted 00:05:09 (2125 turns).

MisterOstroum the Skirmisher (Demonspawn Wanderer)  Turns: 2125, Time: 00:05:09

Health: -4/35      AC:  5    Str: 12    XL:     4   Next: 43%
Magic:  0/4        EV: 10    Int: 12    God:
Gold:   86         SH:  0    Dex: 15    Spells: 3/3 levels left

rFire    . . .     SeeInvis .   d - +0 falchion
rCold    . . .     Gourm    .   (no shield)
rNeg     . . .     Faith    .   c - +0 ring mail
rPois    .         Spirit   +   (no helmet)
rElec    .         Reflect  .   (no cloak)
rCorr    .         Harm     .   (no gloves)
MR       +....                  (no boots)
Stlth    +.........             (no amulet)
HPRegen  0.11/turn              k - ring of protection from magic
MPRegen  0.18/turn              (no ring)

@: no status effects
A: magic shield, magic regeneration
a: no special abilities


You were on level 2 of the Dungeon.
You were not hungry.

You visited 1 branch of the dungeon, and saw 3 of its levels.

You collected 86 gold pieces.

Inventory:

Hand Weapons
 a - a +2 shortbow
 d - a +0 falchion (weapon)
 f - a +0 dagger
Missiles
 b - 86 arrows
 o - 16 stones (quivered)
Armour
 c - a +0 ring mail (worn)
 i - a +0 plate armour
 q - a scarf of cloud immunity
Jewellery
 j - an uncursed amulet of the acrobat {unknown}
 k - a ring of protection from magic (left hand)
 v - an uncursed ring of positive energy {unknown}
Wands
 u - a wand of iceblast (11)
Scrolls
 h - 4 scrolls of teleportation {unknown}
 m - a scroll of fog {!r}
 p - 3 scrolls of identify {unknown}
 r - a scroll of remove curse {@r2}
Potions
 g - 2 potions of ambrosia {unknown}
 l - 2 potions of haste {unknown}
 n - a potion of heal wounds {@q2 !q}
 s - a potion of degeneration {unknown}
 t - a potion of agility {unknown}
Comestibles
 e - 3 rations


   Skills:
 + Level 3.1 Fighting
 - Level 1.7 Long Blades
 + Level 2.8 Bows
 - Level 1.0 Armour
 - Level 1.0 Dodging
 - Level 1.7 Stealth
   Level 1.7 Shields


You had 3 spell levels left.
You didn't know any spells.
Your spell library was empty.

Dungeon Overview and Level Annotations

Branches:
Dungeon (3/15)

Altars:


Innate Abilities, Weirdness & Mutations

When hurt, damage is shared between your health and your magic reserves.
You regenerate magic rapidly.


Message History

Aim: a gnoll, wielding a +0 halberd (moderately wounded)
You shoot an arrow.
The arrow hits the gnoll but does no damage.
The gnoll is moderately wounded.
The gnoll barely misses you.
Wield which item (- for none, * to show all)? (? for menu, Esc to quit)
Okay, then.
Firing (i - inventory. (/) - cycle)
b - 87 arrows (quivered)
Press: ? - help, Shift-Dir - straight line, f/p - gnoll
Aim: a gnoll, wielding a +0 halberd (moderately wounded)
You shoot an arrow. The arrow hits the gnoll!
The gnoll is severely wounded.
The gnoll hits you from afar with a +0 halberd.
Wield which item (- for none, * to show all)? (? for menu, Esc to quit)
d - a +0 falchion (weapon)
The gnoll barely misses you.
The gnoll hits you from afar with a +0 spear.
You hit the gnoll.
You kill the gnoll!
Your Fighting skill increases to level 3!
The gnoll hits you from afar with a +0 spear.
You barely miss the gnoll.
The gnoll hits you but does no damage. x2
You hit the gnoll.
The gnoll is lightly wounded.
The gnoll barely misses you. The gnoll completely misses you.
The gnoll closely misses you.
You closely miss the gnoll.
The gnoll is lightly wounded.
The gnoll barely misses you.
You riposte.
You barely miss the gnoll.
The gnoll is lightly wounded.
The gnoll barely misses you.
You hit the gnoll.
The gnoll is moderately wounded.
The gnoll hits you but does no damage.
The gnoll hits you from afar with a +0 spear!
You closely miss the gnoll.
The gnoll is moderately wounded.
The gnoll hits you with a +0 club.
The gnoll hits you from afar with a +0 spear!
You hit the gnoll.
The gnoll is severely wounded.
The gnoll barely misses you.
You riposte.
You hit the gnoll but do no damage.
The gnoll is severely wounded.
The gnoll hits you but does no damage. The gnoll barely misses you.
You hit the gnoll.
You kill the gnoll!
The gnoll hits you from afar with a +0 spear.
* * * LOW HITPOINT WARNING * * *
There is a stone staircase leading down here.
The gnoll closely misses you.
You climb downwards.
You hear the sound of rushing water.
There is an entrance to a sewer on this level.
Hurry and find it before the portal rusts away!
There is a stone staircase leading up here.
You start resting.
You hear the slow rusting of a distant drain.
You start resting.
You are near starving!
You eat one of the 4 rations.
That ration really hit the spot!
You start resting.
You hear the slow rusting of a distant drain.
You climb upwards.
There is a stone staircase leading down here.
The gnoll hits you from afar with a +0 spear.
The gnoll misses you.
You barely miss the gnoll. The gnoll hits you with a +0 spear.
You hit the gnoll but do no damage. The gnoll closely misses you.
You completely miss the gnoll. The gnoll hits you but does no damage.
The gnoll barely misses you.
You barely miss the gnoll. The gnoll hits you with a +0 spear.
You hit the gnoll.
The gnoll is moderately wounded.
The gnoll hits you but does no damage.
Your ring mail prevents you from hitting the gnoll.
The gnoll is moderately wounded.
The gnoll barely misses you.
You hit the gnoll.
The gnoll is moderately wounded.
The gnoll hits you with a +0 spear!
* * * LOW HITPOINT WARNING * * *
You barely miss the gnoll.
The gnoll is moderately wounded.
The gnoll hits you but does no damage. The gnoll closely misses you.
You hit the gnoll.
The gnoll is severely wounded.
The gnoll barely misses you.
Your ring mail prevents you from hitting the gnoll.
The gnoll is severely wounded.
The gnoll hits you with a +0 spear.
* * * LOW HITPOINT WARNING * * *
You hit the gnoll.
The gnoll is severely wounded.
The gnoll hits you with a +0 spear.
* * * LOW HITPOINT WARNING * * *
You closely miss the gnoll.
The gnoll is severely wounded.
The gnoll barely misses you.
You riposte.
You hit the gnoll but do no damage.
The gnoll is severely wounded.
The gnoll hits you with a +0 spear.
You die...

##..........#≈##.# ##≈.≈≈≈≈
...≈.........≈...#### ##.≈.≈≈...
###≈≈≈.......≈......####≈≈.≈.≈##.
# #≈≈........≈.####.##.≈≈≈...≈...
. #≈.≈......#≈##.........≈.≈#≈.≈.
#..≈...##.###≈##.##.###≈≈.≈≈≈≈≈..
###≈≈.#...# ####>##.# #≈≈≈≈.≈≈###
...≈..#.### #.....# #....≈≈≈..≈
#####...# ##@#### ##.≈≈≈≈..≈#
#...# #g## ####.##### #...# #..#
#..# #...# ##.## ###.###
#####...##### #..# #.....#
#...........######.# ###.....#
.................#.# #.......#
#...........####.#.# #.#.....#
###.#...#.### #.#.###.#.....#


You could see a gnoll.

Vanquished Creatures
  2 gnolls (D:2)
  4 adders (D:2)
  4 worms (D:2)
  8 goblins
  4 hobgoblins
  A jackal (D:2)
  A kobold (D:1)
  A quokka (D:2)
  3 bats
  A frilled lizard (D:1)
  5 rats
34 creatures vanquished.

Notes
Turn   | Place    | Note
-------+----------+-------------------------------------------
     0 | D:1      | MisterOstroum the Demonspawn Wanderer began the quest for
                  | the Orb.
     0 | D:1      | MisterOstroum set off with the following items: a +2
                  | shortbow, 22 arrows, a +0 ring mail, a +0 falchion, a
                  | ration, a +0 dagger
     0 | D:1      | Reached XP level 1. HP: 15/15 MP: 1/1
     2 | D:1      | Noticed a felid
     2 | D:1      | Noticed an octopode
     4 | D:1      | Noticed a demigod
     4 | D:1      | Noticed a human
     8 | D:1      | Noticed a demonspawn
    10 | D:1      | Noticed a halfling
    12 | D:1      | Noticed a merfolk
    12 | D:1      | Noticed a tengu
    14 | D:1      | Noticed an ogre
    16 | D:1      | Noticed a minotaur
    16 | D:1      | Noticed a troll
    18 | D:1      | Noticed a formicid
    18 | D:1      | Noticed a draconian
    20 | D:1      | Noticed a ghoul
    22 | D:1      | Noticed a spriggan
    22 | D:1      | Noticed a centaur
    24 | D:1      | Noticed a vampire
    24 | D:1      | Noticed an elf
    26 | D:1      | Noticed a vine stalker
    26 | D:1      | Noticed a naga
    28 | D:1      | Noticed a gargoyle
    28 | D:1      | Noticed a dwarf
   252 | D:1      | Gained mutation: When hurt, damage is shared between your
                  | health and your magic reserves. [demonic ancestry]
   252 | D:1      | Reached XP level 2. HP: 19/21 MP: 2/2
  1012 | D:2      | Reached skill level 2 in Fighting
  1141 | D:2      | Reached XP level 3. HP: 4/28 MP: 0/3
  1715 | D:2      | Gained mutation: You regenerate magic rapidly. [demonic
                  | ancestry]
  1715 | D:2      | Reached XP level 4. HP: 34/34 MP: 4/4
  1977 | D:2      | Reached skill level 3 in Fighting
  2124 | D:2      | HP: 1/35 [gnoll/+0 spear (4)]
  2125 | D:2      | Slain by a gnoll

Skill      XL: |  1  2  3  4 |
---------------+-------------+-----
Fighting       | 2 3 |  3.1
Bows           | 2 |  2.8
Long Blades    | |  1.7
Armour         | |  1.0
Dodging        | |  1.0
Stealth        | |  1.7
Shields        | |  1.7

Action                   |  1- 3 |  4- 6 || total
-------------------------+-------+-------++-------
Melee: Falchion          |    50 |    20 ||    70
 Fire: Shortbow          |    59 |    15 ||    74
Throw: Stone             |     2 |       ||     2
  Use: Scroll            |     2 |       ||     2
       Potion            |     1 |       ||     1
  Eat: Chunk             |     2 |       ||     2
       Ration            |       |     1 ||     1
Armor: Ring mail         |    28 |     6 ||    34
Dodge: Dodged            |    36 |    18 ||    54
       Rpst.: Falchion   |     9 |     3 ||    12
